Whalers vs Bruins

Created - 15 février 2024 at 12:12

Goals
1 2 3 T
Whalers 1 2 1 4
Bruins 1 0 1 2
Shots
1 2 3 T
Whalers 11 15 9 35
Bruins 6 18 14 38

GoalsPenalties
1st period
1. Bruins , Mason Marchment 4 (Anthony Mantha 9, Maxime Comtois 1) at 4:28
2. Whalers , Shane Pinto 11 (Bryan Rust 17, Justin Faulk 8) at 13:45
Brady Tkachuk (BOS) for Hooking (Minor) at 5:42
2nd period
3. Whalers , Reilly Smith 17 (Bryan Rust 18, Shane Pinto 22) at 7:42 (PP)
4. Whalers , Drake Batherson 18 (Vladimir Tarasenko 32, Timo Meier 17) at 9:11
Seth Jones (BOS) for Tripping (Minor) at 7:39
Brady Tkachuk (BOS) for Tripping (Minor) at 9:58
3rd period
5. Whalers , Max Pacioretty 11 (Oskar Sundqvist 14) at 5:48
6. Bruins , Mason Marchment 5 (Anthony Mantha 10, Dmitry Kulikov 9) at 19:56
Jacob Middleton (HAR) for Hooking (Minor) at 8:13
Goalie Stats
Jake Allen (HAR), 36 saves from 38 shots - (0,947), W, 4-6-2, 60:00 minutes
Mackenzie Blackwood (BOS), 31 saves from 35 shots - (0,886), L, 7-12-1, 60:00 minutes
3 StarsOfficial
1 - Mason Marchment (BOS)
2 - Jake Allen (HAR)
3 - Drake Batherson (HAR)
Referees : Marc Joannette and Brett Roeland
Linesman : Luke Galvin and Trent Knorr
Game Note
Jakob Chychrun is injured at 0:36 of 1st period (Strained Right Elbow)
Finance
Level 1 -- Attendance: 5498 (91,63%) -- Ticket Income $549,800
Level 2 -- Attendance: 4791 (95,82%) -- Ticket Income $287,460
Level 3 -- Attendance: 2000 (100,00%) -- Ticket Income $70,000
Level 4 -- Attendance: 3942 (98,55%) -- Ticket Income $78,840
Luxury Box -- Attendance: 878 (87,80%) -- Ticket Income $175,600
Game was played at the Boston Garden.
Total Attendance: 17109 (95,05%)
Total Ticket Income: $1,161,700
Other Income: $569,233
Total Income: $1,730,933



Team Name Goals Shots Shots Attemp Shots Blocked PIM HIT PP PK FO%
Whalers 43567152171 / 3 (33%)034%
Bruins 23873166330 / 1 (0%)166%

Whalers
Player Name POS G A P +/- PIM HIT SHT SB MP PP MP PP SHT PK MP PK SHT FO% FOT GA TA
Bryan RustLW/RW022-1027019:022:0100:0000% 030
Drake BathersonC/RW1011012019:222:0010:00015% 2010
Jack McBainC000000008:580:0000:58075% 400
Jacob MiddletonD0002233021:281:4810:0000% 001
Josh MahuraD0000021113:480:0000:0000% 000
Justin FaulkD011-1000323:172:1300:4500% 001
Kyle BurroughsD0000010214:450:0000:5700% 001
Max PaciorettyLW1011004011:360:0000:0000% 000
Oskar SundqvistC/LW/RW0111004011:360:0000:0000% 310
Pierre-edouard BellemareC/LW/RW0001020212:380:0001:01054% 1301
Reilly SmithLW/RW101-1002020:002:0110:5800% 200
Scott MayfieldD000-1030223:452:1301:1400% 011
Sean WalkerD0002012422:311:4801:0200% 001
Shane PintoC112-1001119:022:0100:00044% 1610
Timo MeierLW/RW0111012019:222:0000:0000% 010
Trevor LewisC/LW/RW000000408:000:0000:0000% 000
Ty DellandreaC/RW000000009:150:0001:0100% 000
Vladimir TarasenkoRW0111013019:352:0000:0000% 111
Bruins
Player Name POS G A P +/- PIM HIT SHT SB MP PP MP PP SHT PK MP PK SHT FO% FOT GA TA
Alexis LafreniereLW/RW000-1014015:170:0000:000100% 200
Anthony ManthaLW/RW0221031015:490:5200:0000% 010
Brady TkachukC/LW0000472115:271:0700:0000% 100
Claude GirouxC/LW/RW0000001116:201:0700:310100% 131
Dmitry KulikovD0110030217:430:3002:2600% 000
Jakob ChychrunD000000010:020:0000:0000% 000
Jared SpurgeonD000-1001123:090:1302:2600% 001
Mason MarchmentLW/RW2021008014:570:0000:000100% 200
Matt DumbaD0001023024:391:0910:0300% 001
Maxime ComtoisLW011-100109:240:0000:0000% 100
Morgan FrostC/LW000-1013016:180:5200:00075% 2001
Nico HischierC0000030117:521:0701:29072% 1810
Nikita ZaitsevD0001041424:460:5001:3500% 010
Paul StastnyC/LW0001002014:570:0000:00044% 902
Ryan PoehlingC/LW/RW000-1012011:410:0002:17040% 511
Seth JonesD000-3263327:041:1601:3200% 001
Taylor RaddyshC/LW/RW000-1006017:370:5201:2800% 001
Zemgus GirgensonsC/LW/RW000-1020212:540:0002:1700% 000

Whalers

5 vs 5 Forward
Line #Left WingCenterRight WingPHYDFOFWanted %Time %Time Play
1Timo MeierDrake BathersonVladimir Tarasenko0233632%17:23
2Reilly SmithShane PintoBryan Rust0233432%17:01
3Max PaciorettyPierre-edouard BellemareOskar Sundqvist0232221%11:36
4Trevor LewisJack McBainTy Dellandrea023815%8:00
5 vs 5 Defense
Line #DefenseDefensePHYDFOFWanted %Time %Time Play
1Justin FaulkScott Mayfield0323738%20:19
2Jacob MiddletonSean Walker0323737%19:53
3Josh MahuraKyle Burroughs0322626%13:48
4Justin FaulkSean Walker12200%0:00
Power Play Forward
Line #Left WingCenterRight WingPHYDFOFWanted %Time %Time Play
1Timo MeierDrake BathersonVladimir Tarasenko0055050%2:00
2Reilly SmithShane PintoBryan Rust0055050%2:01
Power Play Defense
Line #DefenseDefensePHYDFOFWanted %Time %Time Play
1Justin FaulkScott Mayfield0325055%2:13
2Jacob MiddletonSean Walker0325045%1:48
Penalty Kill 4 Players Forward
Line #CenterWingPHYDFOFWanted %Time %Time Play
1Pierre-edouard BellemareTy Dellandrea0415051%1:01
2Jack McBainReilly Smith0415049%0:58
Penalty Kill 4 Players Defense
Line #DefenseDefensePHYDFOFWanted %Time %Time Play
1Sean WalkerJacob Middleton0505052%1:02
2Scott MayfieldKyle Burroughs0505048%0:57
Penalty Kill 3 Players
Line #WingPHYDFOFWanted %Time %Time PlayDefenseDefensePHYDFOFWanted %Time %Time Play
1Pierre-edouard Bellemare050500%0:00 Sean WalkerJacob Middleton050500%0:00
2Jack McBain050500%0:00 Scott MayfieldKyle Burroughs050500%0:00
4 vs 4 Forward
Line #CenterWingPHYDFOFWanted %Time %Time Play
1Drake BathersonTimo Meier023500%0:00
2Oskar SundqvistReilly Smith023500%0:00
4 vs 4 Defense
Line #DefensePHYDFOFWanted %Time %Time Play
1Kyle BurroughsJosh Mahura032600%0:00
2Jacob MiddletonSean Walker032400%0:00
Last Minutes Offensive
Left WingCenterRight WingDefenseDefense
Timo MeierDrake BathersonVladimir TarasenkoJustin FaulkScott Mayfield
Last Minutes Defensive
Left WingCenterRight WingDefenseDefense
Reilly SmithPierre-edouard BellemareTy DellandreaSean WalkerScott Mayfield
Time
Total ForwardTotal DefenseLast Minutes OffensiveLast Minutes Defensive
60:00 60:00 0:000:00
Extra Forwards
Normal PowerPlayPenalty Kill
Timo Meier, Vladimir Tarasenko, Reilly SmithTy Dellandrea, Jack McBainShane Pinto
Extra Defensemen
Normal PowerPlayPenalty Kill
Justin Faulk, Sean Walker, Jacob MiddletonScott Mayfield, Scott MayfieldKyle Burroughs
Penalty Shots
Bryan Rust, Drake Batherson, Vladimir Tarasenko, Reilly Smith, Timo Meier
Goalie
Jake Allen, Jacob Markstrom
Custom OT Lines Forwards
Drake Batherson, Timo Meier, Vladimir Tarasenko, Reilly Smith, Bryan Rust, Shane Pinto, Max Pacioretty, Jack McBain, Ty Dellandrea, Oskar Sundqvist
Custom OT Lines Defensemen
Justin Faulk, Sean Walker, Jacob Middleton, Scott Mayfield, Kyle Burroughs
Scratches
Zack Kassian (Healthy), Adam Cracknell (Suspend), David Savard (Bruised Right Arm Injury), Riley Nash (Healthy)

Bruins

5 vs 5 Forward
Line #Left WingCenterRight WingPHYDFOFWanted %Time %Time Play
1Brady TkachukNico HischierClaude Giroux0233027%14:22
2Taylor RaddyshMorgan FrostAlexis Lafreniere0323028%15:17
3Mason MarchmentPaul StastnyAnthony Mantha0232628%14:57
4Maxime ComtoisRyan PoehlingZemgus Girgensons0321417%9:24
5 vs 5 Defense
Line #DefenseDefensePHYDFOFWanted %Time %Time Play
1Seth JonesJared Spurgeon1223534%18:21
2Dmitry KulikovJakob Chychrun1223334%18:36
3Matt DumbaNikita Zaitsev1223230%16:01
4Seth JonesMatt Dumba12202%1:02
Power Play Forward
Line #Left WingCenterRight WingPHYDFOFWanted %Time %Time Play
1Brady TkachukNico HischierClaude Giroux0055056%1:07
2Anthony ManthaMorgan FrostTaylor Raddysh0055044%0:52
Power Play Defense
Line #DefenseDefensePHYDFOFWanted %Time %Time Play
1Seth JonesJakob Chychrun0147589%1:46
2Matt DumbaJared Spurgeon0142511%0:13
Penalty Kill 4 Players Forward
Line #CenterWingPHYDFOFWanted %Time %Time Play
1Ryan PoehlingZemgus Girgensons0506070%2:48
2Nico HischierTaylor Raddysh0504030%1:13
Penalty Kill 4 Players Defense
Line #DefenseDefensePHYDFOFWanted %Time %Time Play
1Dmitry KulikovJared Spurgeon1405061%2:26
2Seth JonesNikita Zaitsev1405039%1:35
Penalty Kill 3 Players
Line #WingPHYDFOFWanted %Time %Time PlayDefenseDefensePHYDFOFWanted %Time %Time Play
1Ryan Poehling050500%0:00 Dmitry KulikovJared Spurgeon140500%0:00
2Nico Hischier050500%0:00 Seth JonesNikita Zaitsev140500%0:00
4 vs 4 Forward
Line #CenterWingPHYDFOFWanted %Time %Time Play
1Claude GirouxBrady Tkachuk122500%0:00
2Morgan FrostTaylor Raddysh122500%0:00
4 vs 4 Defense
Line #DefensePHYDFOFWanted %Time %Time Play
1Seth JonesMatt Dumba122500%0:00
2Jared SpurgeonDmitry Kulikov122500%0:00
Last Minutes Offensive
Left WingCenterRight WingDefenseDefense
Brady TkachukNico HischierClaude GirouxSeth JonesJared Spurgeon
Last Minutes Defensive
Left WingCenterRight WingDefenseDefense
Ryan PoehlingNico HischierClaude GirouxSeth JonesJared Spurgeon
Time
Total ForwardTotal DefenseLast Minutes OffensiveLast Minutes Defensive
60:00 60:00 0:000:00
Extra Forwards
Normal PowerPlayPenalty Kill
Zemgus Girgensons, Morgan Frost, Taylor RaddyshMorgan Frost, Taylor RaddyshTaylor Raddysh
Extra Defensemen
Normal PowerPlayPenalty Kill
Matt Dumba, Nikita Zaitsev, Seth JonesNikita Zaitsev, Matt DumbaSeth Jones
Penalty Shots
Brady Tkachuk, Paul Stastny, Claude Giroux, Alexis Lafreniere, Ryan Poehling
Goalie
Mackenzie Blackwood, Ilya Samsonov
Custom OT Lines Forwards
Claude Giroux, Brady Tkachuk, Nico Hischier, Alexis Lafreniere, Morgan Frost, Anthony Mantha, Taylor Raddysh, Ryan Poehling, Zemgus Girgensons, Paul Stastny
Custom OT Lines Defensemen
Seth Jones, Jared Spurgeon, Matt Dumba, Dmitry Kulikov, Jakob Chychrun
Scratches
Sean Monahan (Right Leg Injury)


Play-by-Play

1st period


0:01 of 1st period - Nico Hischier wins face-off versus Drake Batherson in neutral zone.
0:13 of 1st period - Slapshot by Vladimir Tarasenko.
0:13 of 1st period - Stopped by Mackenzie Blackwood with a rebound.
0:24 of 1st period - Icing by Claude Giroux.
0:25 of 1st period - Shane Pinto wins face-off versus Brady Tkachuk in Bruins zone.
0:28 of 1st period - Slapshot by Reilly Smith.
0:28 of 1st period - Shot Misses the Net.
0:34 of 1st period - Wrist shot by Oskar Sundqvist.
0:34 of 1st period - Stopped by Mackenzie Blackwood without a rebound.
0:35 of 1st period - Pierre-edouard Bellemare wins face-off versus Morgan Frost in Bruins zone.
0:36 of 1st period - Wrist shot by Max Pacioretty.
0:36 of 1st period - Shot Blocked by Jakob Chychrun.
0:36 of 1st period - Jakob Chychrun from Bruins is injured at 0:36 of 1st period (Strained Right Elbow).
0:37 of 1st period - Shane Pinto wins face-off versus Paul Stastny in Bruins zone.
0:50 of 1st period - Slapshot by Mason Marchment.
0:50 of 1st period - Stopped by Jake Allen with a rebound.
0:52 of 1st period - Slapshot by Matt Dumba.
0:52 of 1st period - Stopped by Jake Allen without a rebound.
0:53 of 1st period - Morgan Frost wins face-off versus Jack McBain in Whalers zone.
2:05 of 1st period - Wrist shot by Max Pacioretty.
2:05 of 1st period - Shot Misses the Net.
2:07 of 1st period - Wrist shot by Justin Faulk.
2:07 of 1st period - Shot Blocked by Seth Jones.
2:29 of 1st period - Wrist shot by Taylor Raddysh.
2:29 of 1st period - Stopped by Jake Allen with a rebound.
2:50 of 1st period - Sean Walker is hit by Ryan Poehling and loses puck.
3:25 of 1st period - Josh Mahura is hit by Nico Hischier and loses puck.
4:06 of 1st period - Scott Mayfield is hit by Nikita Zaitsev.
4:28 of 1st period - Wrist shot by Mason Marchment.
4:28 of 1st period - Goal by Mason Marchment - Whalers : 0 - Bruins : 1.
4:29 of 1st period - Morgan Frost wins face-off versus Drake Batherson in neutral zone.
4:46 of 1st period - Slapshot by Vladimir Tarasenko.
4:46 of 1st period - Shot Misses the Net.
4:56 of 1st period - Matt Dumba is hit by Bryan Rust and loses puck.
5:00 of 1st period - Icing by Mason Marchment.
5:01 of 1st period - Paul Stastny wins face-off versus Shane Pinto in Bruins zone.
5:12 of 1st period - Snap shot by Bryan Rust.
5:12 of 1st period - Stopped by Mackenzie Blackwood with a rebound.
5:35 of 1st period - Slapshot by Mason Marchment.
5:35 of 1st period - Shot Misses the Net.
5:37 of 1st period - Wrist shot by Paul Stastny.
5:37 of 1st period - Deflect By Mason Marchment.
5:37 of 1st period - Shot Misses the Net.
5:37 of 1st period - Puck is out of play.
5:38 of 1st period - Pierre-edouard Bellemare wins face-off versus Nico Hischier in Whalers zone.
5:42 of 1st period - Minor Penalty to Brady Tkachuk for Hooking.
5:43 of 1st period - Drake Batherson wins face-off versus Ryan Poehling in Bruins zone.
6:13 of 1st period - Justin Faulk is hit by Seth Jones and loses puck.
6:37 of 1st period - Icing by Shane Pinto.
6:38 of 1st period - Ryan Poehling wins face-off versus Drake Batherson in Whalers zone.
7:06 of 1st period - Zemgus Girgensons is hit by Jacob Middleton and loses puck.
7:42 of 1st period - Penalty to Brady Tkachuk is over, Brady Tkachuk is back on ice.
8:26 of 1st period - Ty Dellandrea is hit by Brady Tkachuk and loses puck.
8:43 of 1st period - Justin Faulk is hit by Seth Jones.
9:45 of 1st period - Slapshot by Shane Pinto.
9:45 of 1st period - Shot Blocked by Nikita Zaitsev.
10:10 of 1st period - Sean Walker is hit by Zemgus Girgensons and loses puck.
10:21 of 1st period - Jacob Middleton is hit by Matt Dumba and loses puck.
13:18 of 1st period - Ryan Poehling is hit by Scott Mayfield.
13:24 of 1st period - Slapshot by Dmitry Kulikov.
13:24 of 1st period - Shot Blocked by Justin Faulk.
13:30 of 1st period - Bryan Rust is hit by Dmitry Kulikov and loses puck.
13:39 of 1st period - Wrist shot by Reilly Smith.
13:39 of 1st period - Shot Blocked by Zemgus Girgensons.
13:45 of 1st period - Wrist shot by Shane Pinto.
13:45 of 1st period - Goal by Shane Pinto - Whalers : 1 - Bruins : 1.
13:46 of 1st period - Drake Batherson wins face-off versus Nico Hischier in neutral zone.
14:09 of 1st period - Sean Walker is hit by Nikita Zaitsev and loses puck.
14:53 of 1st period - Timo Meier is hit by Brady Tkachuk.
15:23 of 1st period - Snap shot by Drake Batherson.
15:23 of 1st period - Shot Blocked by Brady Tkachuk.
16:08 of 1st period - Slapshot by Vladimir Tarasenko.
16:08 of 1st period - Stopped by Mackenzie Blackwood with a rebound.
16:10 of 1st period - Snap shot by Drake Batherson.
16:10 of 1st period - Shot Misses the Net.
16:12 of 1st period - Wrist shot by Timo Meier.
16:12 of 1st period - Stopped by Mackenzie Blackwood without a rebound.
16:13 of 1st period - Shane Pinto wins face-off versus Morgan Frost in Bruins zone.
16:14 of 1st period - Slapshot by Reilly Smith.
16:14 of 1st period - Shot Misses the Net.
16:16 of 1st period - Slapshot by Reilly Smith.
16:16 of 1st period - Shot Misses the Net.
16:26 of 1st period - Wrist shot by Bryan Rust.
16:26 of 1st period - Stopped by Mackenzie Blackwood with a rebound.
16:28 of 1st period - Snap shot by Josh Mahura.
16:28 of 1st period - Stopped by Mackenzie Blackwood without a rebound.
16:29 of 1st period - Paul Stastny wins face-off versus Pierre-edouard Bellemare in Bruins zone.
17:13 of 1st period - Slapshot by Trevor Lewis.
17:13 of 1st period - Shot Blocked by Jared Spurgeon.
17:16 of 1st period - Icing by Seth Jones.
17:17 of 1st period - Jack McBain wins face-off versus Maxime Comtois in Bruins zone.
17:31 of 1st period - Snap shot by Zemgus Girgensons.
17:31 of 1st period - Shot Blocked by Josh Mahura.
17:33 of 1st period - Wrist shot by Zemgus Girgensons.
17:33 of 1st period - Shot Misses the Net.
17:53 of 1st period - Slapshot by Alexis Lafreniere.
17:53 of 1st period - Stopped by Jake Allen with a rebound.
18:05 of 1st period - Slapshot by Max Pacioretty.
18:05 of 1st period - Deflect By Oskar Sundqvist.
18:05 of 1st period - Stopped by Mackenzie Blackwood without a rebound.
18:06 of 1st period - Pierre-edouard Bellemare wins face-off versus Paul Stastny in Bruins zone.
18:13 of 1st period - Snap shot by Mason Marchment.
18:13 of 1st period - Stopped by Jake Allen with a rebound.
18:23 of 1st period - Pierre-edouard Bellemare is hit by Anthony Mantha.
18:35 of 1st period - Jacob Middleton is hit by Morgan Frost and loses puck.
19:29 of 1st period - Slapshot by Reilly Smith.
19:29 of 1st period - Stopped by Mackenzie Blackwood with a rebound.
19:51 of 1st period - Snap shot by Max Pacioretty.
19:51 of 1st period - Stopped by Mackenzie Blackwood with a rebound.
Goals for this period are 1 for Whalers vs 1 for Bruins.
Shots for this period are 11 for Whalers vs 6 for Bruins.

2nd period


0:01 of 2nd period - Morgan Frost wins face-off versus Drake Batherson in neutral zone.
0:06 of 2nd period - Wrist shot by Alexis Lafreniere.
0:06 of 2nd period - Shot Misses the Net.
0:08 of 2nd period - Snap shot by Alexis Lafreniere.
0:08 of 2nd period - Stopped by Jake Allen with a rebound.
0:10 of 2nd period - Snap shot by Seth Jones.
0:10 of 2nd period - Deflect By Taylor Raddysh.
0:10 of 2nd period - Stopped by Jake Allen with a rebound.
0:12 of 2nd period - Snap shot by Alexis Lafreniere.
0:12 of 2nd period - Shot Misses the Net.
0:14 of 2nd period - Wrist shot by Morgan Frost.
0:14 of 2nd period - Stopped by Jake Allen with a rebound.
0:16 of 2nd period - Snap shot by Seth Jones.
0:16 of 2nd period - Deflect By Alexis Lafreniere.
0:16 of 2nd period - Shot Misses the Net.
0:16 of 2nd period - Puck is out of play.
0:17 of 2nd period - Nico Hischier wins face-off versus Shane Pinto in Whalers zone.
0:22 of 2nd period - Snap shot by Claude Giroux.
0:22 of 2nd period - Deflect By Reilly Smith.
0:22 of 2nd period - Shot Misses the Net.
0:22 of 2nd period - Puck is out of play.
0:23 of 2nd period - Nico Hischier wins face-off versus Shane Pinto in Whalers zone.
0:34 of 2nd period - Snap shot by Nico Hischier.
0:34 of 2nd period - Shot Misses the Net.
0:36 of 2nd period - Wrist shot by Claude Giroux.
0:36 of 2nd period - Deflect By Brady Tkachuk.
0:36 of 2nd period - Shot Blocked by Justin Faulk.
0:36 of 2nd period - Puck is out of play.
0:37 of 2nd period - Morgan Frost wins face-off versus Drake Batherson in Whalers zone.
1:30 of 2nd period - Slapshot by Nico Hischier.
1:30 of 2nd period - Shot Blocked by Kyle Burroughs.
1:42 of 2nd period - Trevor Lewis is hit by Zemgus Girgensons and loses puck.
2:05 of 2nd period - Snap shot by Trevor Lewis.
2:05 of 2nd period - Shot Misses the Net.
2:07 of 2nd period - Snap shot by Timo Meier.
2:07 of 2nd period - Stopped by Mackenzie Blackwood without a rebound.
2:08 of 2nd period - Alexis Lafreniere wins face-off versus Drake Batherson in Bruins zone.
2:27 of 2nd period - Matt Dumba is hit by Scott Mayfield and loses puck.
2:34 of 2nd period - Timo Meier is hit by Alexis Lafreniere.
3:31 of 2nd period - Slapshot by Taylor Raddysh.
3:31 of 2nd period - Stopped by Jake Allen without a rebound.
3:32 of 2nd period - Mason Marchment wins face-off versus Shane Pinto in Whalers zone.
3:33 of 2nd period - Wrist shot by Paul Stastny.
3:33 of 2nd period - Stopped by Jake Allen with a rebound.
3:39 of 2nd period - Snap shot by Paul Stastny.
3:39 of 2nd period - Shot Misses the Net.
3:41 of 2nd period - Wrist shot by Paul Stastny.
3:41 of 2nd period - Deflect By Anthony Mantha.
3:41 of 2nd period - Shot Misses the Net.
3:41 of 2nd period - Puck is out of play.
3:42 of 2nd period - Shane Pinto wins face-off versus Paul Stastny in Whalers zone.
3:47 of 2nd period - Wrist shot by Mason Marchment.
3:47 of 2nd period - Stopped by Jake Allen with a rebound.
3:49 of 2nd period - Slapshot by Anthony Mantha.
3:49 of 2nd period - Shot Blocked by Shane Pinto.
3:51 of 2nd period - Snap shot by Paul Stastny.
3:51 of 2nd period - Stopped by Jake Allen with a rebound.
3:53 of 2nd period - Snap shot by Anthony Mantha.
3:53 of 2nd period - Shot Misses the Net.
3:55 of 2nd period - Snap shot by Paul Stastny.
3:55 of 2nd period - Shot Blocked by Sean Walker.
3:57 of 2nd period - Slapshot by Nikita Zaitsev.
3:57 of 2nd period - Shot Blocked by Sean Walker.
3:59 of 2nd period - Wrist shot by Matt Dumba.
3:59 of 2nd period - Shot Misses the Net.
4:01 of 2nd period - Slapshot by Nikita Zaitsev.
4:01 of 2nd period - Shot Misses the Net.
4:03 of 2nd period - Slapshot by Matt Dumba.
4:03 of 2nd period - Stopped by Jake Allen without a rebound.
4:04 of 2nd period - Pierre-edouard Bellemare wins face-off versus Nico Hischier in Whalers zone.
4:04 of 2nd period - Pierre-edouard Bellemare is hit by Nico Hischier.
4:54 of 2nd period - Snap shot by Ty Dellandrea.
4:54 of 2nd period - Shot Misses the Net.
4:56 of 2nd period - Wrist shot by Trevor Lewis.
4:56 of 2nd period - Stopped by Mackenzie Blackwood with a rebound.
4:58 of 2nd period - Slapshot by Sean Walker.
4:58 of 2nd period - Stopped by Mackenzie Blackwood with a rebound.
5:00 of 2nd period - Slapshot by Trevor Lewis.
5:00 of 2nd period - Stopped by Mackenzie Blackwood with a rebound.
5:02 of 2nd period - Wrist shot by Trevor Lewis.
5:02 of 2nd period - Shot Misses the Net.
5:14 of 2nd period - Backhand shot by Seth Jones.
5:14 of 2nd period - Stopped by Jake Allen without a rebound.
5:15 of 2nd period - Ryan Poehling wins face-off versus Vladimir Tarasenko in Whalers zone.
5:16 of 2nd period - Wrist shot by Maxime Comtois.
5:16 of 2nd period - Shot Misses the Net.
5:18 of 2nd period - Snap shot by Ryan Poehling.
5:18 of 2nd period - Stopped by Jake Allen without a rebound.
5:19 of 2nd period - Nico Hischier wins face-off versus Shane Pinto in Whalers zone.
5:48 of 2nd period - Wrist shot by Taylor Raddysh.
5:48 of 2nd period - Stopped by Jake Allen without a rebound.
5:49 of 2nd period - Morgan Frost wins face-off versus Pierre-edouard Bellemare in Whalers zone.
5:54 of 2nd period - Snap shot by Alexis Lafreniere.
5:54 of 2nd period - Stopped by Jake Allen without a rebound.
5:55 of 2nd period - Nico Hischier wins face-off versus Drake Batherson in Whalers zone.
6:30 of 2nd period - Slapshot by Taylor Raddysh.
6:30 of 2nd period - Stopped by Jake Allen without a rebound.
6:31 of 2nd period - Morgan Frost wins face-off versus Pierre-edouard Bellemare in Whalers zone.
7:06 of 2nd period - Snap shot by Bryan Rust.
7:06 of 2nd period - Stopped by Mackenzie Blackwood with a rebound.
7:16 of 2nd period - Snap shot by Jack McBain.
7:16 of 2nd period - Shot Blocked by Claude Giroux.
7:24 of 2nd period - Snap shot by Jack McBain.
7:24 of 2nd period - Shot Blocked by Nikita Zaitsev.
7:26 of 2nd period - Wrist shot by Jacob Middleton.
7:26 of 2nd period - Deflect By Claude Giroux.
7:26 of 2nd period - Stopped by Mackenzie Blackwood without a rebound.
7:27 of 2nd period - Paul Stastny wins face-off versus Drake Batherson in Bruins zone.
7:39 of 2nd period - Minor Penalty to Seth Jones for Tripping.
7:40 of 2nd period - Shane Pinto wins face-off versus Ryan Poehling in Bruins zone.
7:42 of 2nd period - Snap shot by Reilly Smith.
7:42 of 2nd period - Goal by Reilly Smith - Whalers : 2 - Bruins : 1.
7:43 of 2nd period - Drake Batherson wins face-off versus Morgan Frost in neutral zone.
7:46 of 2nd period - Taylor Raddysh is hit by Drake Batherson and loses puck.
8:09 of 2nd period - Sean Walker is hit by Seth Jones and loses puck.
8:29 of 2nd period - Icing by Sean Walker.
8:30 of 2nd period - Nico Hischier wins face-off versus Pierre-edouard Bellemare in Whalers zone.
8:35 of 2nd period - Snap shot by Brady Tkachuk.
8:35 of 2nd period - Shot Blocked by Sean Walker.
8:47 of 2nd period - Wrist shot by Claude Giroux.
8:47 of 2nd period - Stopped by Jake Allen with a rebound.
9:07 of 2nd period - Wrist shot by Timo Meier.
9:07 of 2nd period - Shot Blocked by Seth Jones.
9:09 of 2nd period - Snap shot by Vladimir Tarasenko.
9:09 of 2nd period - Stopped by Mackenzie Blackwood with a rebound.
9:11 of 2nd period - Snap shot by Drake Batherson.
9:11 of 2nd period - Goal by Drake Batherson - Whalers : 3 - Bruins : 1.
9:12 of 2nd period - Shane Pinto wins face-off versus Paul Stastny in neutral zone.
9:17 of 2nd period - Snap shot by Bryan Rust.
9:17 of 2nd period - Stopped by Mackenzie Blackwood with a rebound.
9:29 of 2nd period - Justin Faulk is hit by Matt Dumba.
9:39 of 2nd period - Timo Meier is hit by Brady Tkachuk and loses puck.
9:58 of 2nd period - Minor Penalty to Brady Tkachuk for Tripping.
9:59 of 2nd period - Shane Pinto wins face-off versus Ryan Poehling in Bruins zone.
10:02 of 2nd period - Snap shot by Reilly Smith.
10:02 of 2nd period - Shot Misses the Net.
10:04 of 2nd period - Snap shot by Jacob Middleton.
10:04 of 2nd period - Stopped by Mackenzie Blackwood with a rebound.
10:34 of 2nd period - Wrist shot by Drake Batherson.
10:34 of 2nd period - Stopped by Mackenzie Blackwood without a rebound.
10:35 of 2nd period - Nico Hischier wins face-off versus Drake Batherson in Bruins zone.
11:28 of 2nd period - Snap shot by Vladimir Tarasenko.
11:28 of 2nd period - Shot Blocked by Nikita Zaitsev.
11:54 of 2nd period - Shane Pinto is hit by Dmitry Kulikov and loses puck.
11:58 of 2nd period - Penalty to Brady Tkachuk is over, Brady Tkachuk is back on ice.
12:09 of 2nd period - Snap shot by Oskar Sundqvist.
12:09 of 2nd period - Stopped by Mackenzie Blackwood with a rebound.
12:15 of 2nd period - Snap shot by Oskar Sundqvist.
12:15 of 2nd period - Shot Misses the Net.
12:39 of 2nd period - Morgan Frost is hit by Josh Mahura.
13:26 of 2nd period - Wrist shot by Mason Marchment.
13:26 of 2nd period - Stopped by Jake Allen without a rebound.
13:27 of 2nd period - Claude Giroux wins face-off versus Oskar Sundqvist in Whalers zone.
13:30 of 2nd period - Wrist shot by Brady Tkachuk.
13:30 of 2nd period - Deflect By Nico Hischier.
13:30 of 2nd period - Shot Blocked by Pierre-edouard Bellemare.
13:30 of 2nd period - Puck is out of play.
13:31 of 2nd period - Nico Hischier wins face-off versus Shane Pinto in Whalers zone.
13:32 of 2nd period - Slapshot by Brady Tkachuk.
13:32 of 2nd period - Shot Misses the Net.
14:07 of 2nd period - Backhand shot by Alexis Lafreniere.
14:07 of 2nd period - Shot Misses the Net.
14:09 of 2nd period - Snap shot by Morgan Frost.
14:09 of 2nd period - Shot Misses the Net.
14:52 of 2nd period - Slapshot by Mason Marchment.
14:52 of 2nd period - Shot Blocked by Sean Walker.
15:02 of 2nd period - Max Pacioretty is hit by Dmitry Kulikov and loses puck.
15:35 of 2nd period - Scott Mayfield is hit by Nikita Zaitsev and loses puck.
16:15 of 2nd period - Slapshot by Seth Jones.
16:15 of 2nd period - Shot Blocked by Kyle Burroughs.
16:17 of 2nd period - Snap shot by Mason Marchment.
16:17 of 2nd period - Stopped by Jake Allen with a rebound.
16:19 of 2nd period - Snap shot by Mason Marchment.
16:19 of 2nd period - Stopped by Jake Allen without a rebound.
16:20 of 2nd period - Morgan Frost wins face-off versus Drake Batherson in Whalers zone.
16:23 of 2nd period - Wrist shot by Alexis Lafreniere.
16:23 of 2nd period - Shot Misses the Net.
16:25 of 2nd period - Backhand shot by Morgan Frost.
16:25 of 2nd period - Stopped by Jake Allen without a rebound.
16:26 of 2nd period - Morgan Frost wins face-off versus Drake Batherson in Whalers zone.
17:02 of 2nd period - Off-side.
17:03 of 2nd period - Pierre-edouard Bellemare wins face-off versus Morgan Frost in neutral zone.
17:30 of 2nd period - Icing by Shane Pinto.
17:31 of 2nd period - Mason Marchment wins face-off versus Reilly Smith in Whalers zone.
17:42 of 2nd period - Paul Stastny is hit by Jacob Middleton and loses puck.
18:52 of 2nd period - Snap shot by Bryan Rust.
18:52 of 2nd period - Stopped by Mackenzie Blackwood with a rebound.
18:54 of 2nd period - Snap shot by Jacob Middleton.
18:54 of 2nd period - Deflect By Bryan Rust.
18:54 of 2nd period - Stopped by Mackenzie Blackwood with a rebound.
19:51 of 2nd period - Wrist shot by Bryan Rust.
19:51 of 2nd period - Deflect By Paul Stastny.
19:51 of 2nd period - Shot Blocked by Nikita Zaitsev.
19:51 of 2nd period - Puck is out of play.
19:52 of 2nd period - Nico Hischier wins face-off versus Drake Batherson in Bruins zone.
19:52 of 2nd period - Nico Hischier is hit by Timo Meier.
19:58 of 2nd period - Justin Faulk is hit by Seth Jones and loses puck.
Goals for this period are 2 for Whalers vs 0 for Bruins.
Shots for this period are 15 for Whalers vs 18 for Bruins.

3rd period


0:01 of 3rd period - Morgan Frost wins face-off versus Drake Batherson in neutral zone.
0:04 of 3rd period - Snap shot by Seth Jones.
0:04 of 3rd period - Stopped by Jake Allen with a rebound.
0:06 of 3rd period - Slapshot by Jared Spurgeon.
0:06 of 3rd period - Stopped by Jake Allen with a rebound.
0:08 of 3rd period - Snap shot by Alexis Lafreniere.
0:08 of 3rd period - Stopped by Jake Allen with a rebound.
0:10 of 3rd period - Snap shot by Taylor Raddysh.
0:10 of 3rd period - Shot Misses the Net.
0:12 of 3rd period - Wrist shot by Morgan Frost.
0:12 of 3rd period - Shot Blocked by Scott Mayfield.
0:14 of 3rd period - Wrist shot by Morgan Frost.
0:14 of 3rd period - Stopped by Jake Allen without a rebound.
0:15 of 3rd period - Nico Hischier wins face-off versus Oskar Sundqvist in Whalers zone.
0:29 of 3rd period - Off-side.
0:30 of 3rd period - Morgan Frost wins face-off versus Drake Batherson in neutral zone.
0:57 of 3rd period - Scott Mayfield is hit by Brady Tkachuk and loses puck.
1:02 of 3rd period - Snap shot by Brady Tkachuk.
1:02 of 3rd period - Shot Blocked by Justin Faulk.
1:04 of 3rd period - Wrist shot by Seth Jones.
1:04 of 3rd period - Stopped by Jake Allen with a rebound.
1:46 of 3rd period - Slapshot by Mason Marchment.
1:46 of 3rd period - Deflect By Paul Stastny.
1:46 of 3rd period - Shot Misses the Net.
1:46 of 3rd period - Puck is out of play.
1:47 of 3rd period - Morgan Frost wins face-off versus Drake Batherson in Whalers zone.
2:14 of 3rd period - Snap shot by Ryan Poehling.
2:14 of 3rd period - Stopped by Jake Allen with a rebound.
2:34 of 3rd period - Slapshot by Drake Batherson.
2:34 of 3rd period - Shot Misses the Net.
2:36 of 3rd period - Slapshot by Josh Mahura.
2:36 of 3rd period - Shot Blocked by Dmitry Kulikov.
3:02 of 3rd period - Backhand shot by Timo Meier.
3:02 of 3rd period - Deflect By Drake Batherson.
3:02 of 3rd period - Shot Blocked by Dmitry Kulikov.
3:02 of 3rd period - Puck is out of play.
3:03 of 3rd period - Pierre-edouard Bellemare wins face-off versus Nico Hischier in Bruins zone.
3:12 of 3rd period - Wrist shot by Max Pacioretty.
3:12 of 3rd period - Shot Misses the Net.
3:14 of 3rd period - Wrist shot by Max Pacioretty.
3:14 of 3rd period - Stopped by Mackenzie Blackwood with a rebound.
3:16 of 3rd period - Slapshot by Justin Faulk.
3:16 of 3rd period - Shot Blocked by Seth Jones.
3:18 of 3rd period - Snap shot by Scott Mayfield.
3:18 of 3rd period - Shot Blocked by Nico Hischier.
3:28 of 3rd period - Shane Pinto is hit by Seth Jones and loses puck.
3:32 of 3rd period - Icing by Bryan Rust.
3:33 of 3rd period - Morgan Frost wins face-off versus Shane Pinto in Whalers zone.
3:34 of 3rd period - Wrist shot by Taylor Raddysh.
3:34 of 3rd period - Stopped by Jake Allen without a rebound.
3:35 of 3rd period - Nico Hischier wins face-off versus Pierre-edouard Bellemare in Whalers zone.
3:50 of 3rd period - Snap shot by Brady Tkachuk.
3:50 of 3rd period - Stopped by Jake Allen without a rebound.
3:51 of 3rd period - Morgan Frost wins face-off versus Shane Pinto in Whalers zone.
4:31 of 3rd period - Snap shot by Brady Tkachuk.
4:31 of 3rd period - Stopped by Jake Allen with a rebound.
4:49 of 3rd period - Wrist shot by Ryan Poehling.
4:49 of 3rd period - Shot Blocked by Scott Mayfield.
4:51 of 3rd period - Wrist shot by Maxime Comtois.
4:51 of 3rd period - Stopped by Jake Allen with a rebound.
4:53 of 3rd period - Slapshot by Nikita Zaitsev.
4:53 of 3rd period - Deflect By Timo Meier.
4:53 of 3rd period - Stopped by Jake Allen with a rebound.
5:05 of 3rd period - Slapshot by Anthony Mantha.
5:05 of 3rd period - Stopped by Jake Allen without a rebound.
5:06 of 3rd period - Pierre-edouard Bellemare wins face-off versus Paul Stastny in Whalers zone.
5:13 of 3rd period - Wrist shot by Max Pacioretty.
5:13 of 3rd period - Shot Misses the Net.
5:48 of 3rd period - Snap shot by Max Pacioretty.
5:48 of 3rd period - Goal by Max Pacioretty - Whalers : 4 - Bruins : 1.
5:49 of 3rd period - Morgan Frost wins face-off versus Drake Batherson in neutral zone.
6:25 of 3rd period - Sean Walker is hit by Nico Hischier and loses puck.
6:40 of 3rd period - Wrist shot by Max Pacioretty.
6:40 of 3rd period - Stopped by Mackenzie Blackwood with a rebound.
7:48 of 3rd period - Reilly Smith is hit by Brady Tkachuk and loses puck.
8:05 of 3rd period - Jared Spurgeon is hit by Sean Walker and loses puck.
8:13 of 3rd period - Minor Penalty to Jacob Middleton for Hooking.
8:14 of 3rd period - Nico Hischier wins face-off versus Pierre-edouard Bellemare in Whalers zone.
8:23 of 3rd period - Sean Walker is hit by Brady Tkachuk and loses puck.
8:28 of 3rd period - Snap shot by Nico Hischier.
8:28 of 3rd period - Shot Blocked by Pierre-edouard Bellemare.
8:30 of 3rd period - Slapshot by Matt Dumba.
8:30 of 3rd period - Stopped by Jake Allen without a rebound.
8:31 of 3rd period - Jack McBain wins face-off versus Morgan Frost in Whalers zone.
8:40 of 3rd period - Jack McBain is hit by Anthony Mantha and loses puck.
9:03 of 3rd period - Ty Dellandrea is hit by Brady Tkachuk and loses puck.
10:13 of 3rd period - Penalty to Jacob Middleton is over, Jacob Middleton is back on ice.
11:44 of 3rd period - Claude Giroux is hit by Josh Mahura and loses puck.
11:57 of 3rd period - Morgan Frost is hit by Vladimir Tarasenko and loses puck.
12:04 of 3rd period - Timo Meier is hit by Nikita Zaitsev and loses puck.
12:22 of 3rd period - Scott Mayfield is hit by Anthony Mantha and loses puck.
13:37 of 3rd period - Jared Spurgeon is hit by Kyle Burroughs.
13:59 of 3rd period - Matt Dumba is hit by Bryan Rust and loses puck.
14:18 of 3rd period - Maxime Comtois is hit by Jacob Middleton and loses puck.
14:45 of 3rd period - Dmitry Kulikov is hit by Pierre-edouard Bellemare and loses puck.
15:04 of 3rd period - Anthony Mantha is hit by Scott Mayfield and loses puck.
15:57 of 3rd period - Snap shot by Ty Dellandrea.
15:57 of 3rd period - Shot Blocked by Zemgus Girgensons.
15:59 of 3rd period - Slapshot by Jacob Middleton.
15:59 of 3rd period - Stopped by Mackenzie Blackwood without a rebound.
16:00 of 3rd period - Morgan Frost wins face-off versus Shane Pinto in Bruins zone.
16:08 of 3rd period - Backhand shot by Sean Walker.
16:08 of 3rd period - Stopped by Mackenzie Blackwood without a rebound.
16:09 of 3rd period - Alexis Lafreniere wins face-off versus Reilly Smith in Bruins zone.
17:17 of 3rd period - Wrist shot by Shane Pinto.
17:17 of 3rd period - Shot Misses the Net.
17:19 of 3rd period - Wrist shot by Reilly Smith.
17:19 of 3rd period - Deflect By Bryan Rust.
17:19 of 3rd period - Stopped by Mackenzie Blackwood without a rebound.
17:20 of 3rd period - Nico Hischier wins face-off versus Drake Batherson in Bruins zone.
17:51 of 3rd period - Backhand shot by Oskar Sundqvist.
17:51 of 3rd period - Stopped by Mackenzie Blackwood with a rebound.
18:39 of 3rd period - Anthony Mantha is hit by Pierre-edouard Bellemare and loses puck.
18:52 of 3rd period - Wrist shot by Justin Faulk.
18:52 of 3rd period - Shot Misses the Net.
18:54 of 3rd period - Slapshot by Trevor Lewis.
18:54 of 3rd period - Stopped by Mackenzie Blackwood with a rebound.
18:56 of 3rd period - Slapshot by Trevor Lewis.
18:56 of 3rd period - Stopped by Mackenzie Blackwood without a rebound.
18:57 of 3rd period - Jack McBain wins face-off versus Nico Hischier in Bruins zone.
19:29 of 3rd period - Josh Mahura is hit by Seth Jones and loses puck.
19:56 of 3rd period - Wrist shot by Mason Marchment.
19:56 of 3rd period - Goal by Mason Marchment - Whalers : 4 - Bruins : 2.
19:57 of 3rd period - Paul Stastny wins face-off versus Oskar Sundqvist in neutral zone.
Goals for this period are 1 for Whalers vs 1 for Bruins.
Shots for this period are 9 for Whalers vs 14 for Bruins.